[Event "Early-Titled-Tuesday-Blitz-July-09-2024"]
[Site "Chess.com"]
[Date "2024.07.09"]
[Round "11"]
[White "Barmen_EV"]
[Black "madmax011"]
[Result "1-0"]
[WhiteElo "2510"]
[BlackElo "2354"]
[TimeControl "180+1"]
[EndTime "10:02:29 PDT"]
[Termination "Barmen_EV won by checkmate"]

1. e4 c5 2. c3 Nf6 3. e5 Nd5 4. d4 cxd4 5. Nf3 Nc6 6. cxd4 d6 7. Bc4 dxe5 8. dxe5 Ndb4 9. O-O Qxd1 10. Rxd1 Nc2 11. Na3 Nxa3 12. bxa3 Bg4 13. e6 fxe6 14. Bf4 e5 15.
Bg3 e4 16. Ng5 Bxd1 17. Bf7+ Kd8 18. Rxd1+ Kc8 19. Be6# 1-0

[Event "Early-Titled-Tuesday-Blitz-July-09-2024"]
[Site "Chess.com"]
[Date "2024.07.09"]
[Round "11"]
[White "chessdjw"]
[Black "yaguigor"]
[Result "1-0"]
[WhiteElo "2755"]
[BlackElo "2618"]
[TimeControl "180+1"]
[EndTime "10:02:33 PDT"]
[Termination "chessdjw won by resignation"]

1. e4 c5 2. Nf3 Nc6 3. Bb5 g6 4. Bxc6 bxc6 5. O-O Bg7 6. Re1 Nh6 7. h3 O-O 8. c3 f5 9. e5 Nf7 10. d4 cxd4 11.
cxd4 Bb7 12. Nc3 c5 13. dxc5 Qc7 14. Bf4 Qxc5 15. Qxd7 Bxf3 16. gxf3 Nxe5 17. Bxe5 Bxe5 18. Qe6+ 1-0

[Event "Early-Titled-Tuesday-Blitz-July-09-2024"]
[Site "Chess.com"]
[Date "2024.07.09"]
[Round "11"]
[White "MrEscacs"]
[Black "maroro07"]
[Result "0-1"]
[WhiteElo "2193"]
[BlackElo "2356"]
[TimeControl "180+1"]
[EndTime "10:02:43 PDT"]
[Termination "maroro07 won by resignation"]

1. e4 c5 2. c3 Nf6 3. e5 Nd5 4. Bc4 Nb6 5. Bb3 c4 6. Bc2 d5 7. d4 cxd3 8. Qxd3 Nc6 9. f4 g6 10. Nf3 Bf5 11. Qe2 Bxc2 12. Qxc2 Bg7 13. O-O O-O 14.
Nbd2 Rc8 15. Nb3 Nc4 16. e6 fxe6 17. Qe2 e5 18. Nc5 e4 19. Ne6 exf3 20. Rxf3 Qb6+ 0-1

[Event "Early-Titled-Tuesday-Blitz-July-09-2024"]
[Site "Chess.com"]
[Date "2024.07.09"]
[Round "11"]
[White "ManMish2"]
[Black "Zheenbekov86"]
[Result "1-0"]
[WhiteElo "2605"]
[BlackElo "2473"]
[TimeControl "180+1"]
[EndTime "10:02:46 PDT"]
[Termination "ManMish2 won by resignation"]

1. e4 c6 2. d4 d5 3. Nc3 dxe4 4. Nxe4 Nf6 5. Nxf6+ exf6 6. c3 Bd6 7. Bd3 h5 8. Ne2 h4 9. h3 Qc7 10. O-O Kf8 11.
c4 c5 12. dxc5 Bxc5 13. a3 a5 14. Bf4 Qb6 15. Nc3 Be6 16. Na4 Qc6 17. Be4 1-0

[Event "Early-Titled-Tuesday-Blitz-July-09-2024"]
[Site "Chess.com"]
[Date "2024.07.09"]
[Round "11"]
[White "KorolDimitriy75"]
[Black "carloseduar100"]
[Result "1/2-1/2"]
[WhiteElo "2399"]
[BlackElo "2274"]
[TimeControl "180+1"]
[EndTime "10:02:50 PDT"]
[Termination "Game drawn by repetition"]

1. d4 d5 2. c4 e5 3. Nc3 dxc4 4. Nf3 exd4 5. Qxd4 Qxd4 6. Nxd4 Bc5 7. e3 Bxd4 8. exd4 Nc6 9. Be3 Na5 10. Nb5 Kd7 11.
Bf4 c6 12. Nc7 Rb8 13. Na6 Ra8 14. Nc7 Rb8 15. Na6 Ra8 16. Nc7 1/2-1/2

[Event "Early-Titled-Tuesday-Blitz-July-09-2024"]
[Site "Chess.com"]
[Date "2024.07.09"]
[Round "11"]
[White "Andrey-Ivanov2011"]
[Black "klercaku"]
[Result "0-1"]
[WhiteElo "2186"]
[BlackElo "2383"]
[TimeControl "180+1"]
[EndTime "10:03:13 PDT"]
[Termination "klercaku won by resignation"]

1. e4 e5 2. Nf3 Nc6 3. Bc4 Bc5 4. c3 Nf6 5. d3 d6 6. O-O h6 7. a4 a6 8. h3 O-O 9. Nbd2 Ba7 10. Nb3 Ne7 11.
Re1 b5 12. axb5 axb5 13. Bxb5 Bxf2+ 14. Kxf2 Rxa1 15. Qe2 Ra8 16. Nh4 g5 17. Nf5 Nxf5 18. exf5 Bxf5 19. Qf3 Bg6 20. Bc6 Rb8 21. Nd2 Kg7 22.
h4 g4 23. Qg3 h5 24. Ne4 Nxe4+ 25. Bxe4 f5 26. Bd5 f4 0-1

[Event "Early-Titled-Tuesday-Blitz-July-09-2024"]
[Site "Chess.com"]
[Date "2024.07.09"]
[Round "11"]
[White "Kirill_Klukin"]
[Black "sofaceindisguise"]
[Result "1-0"]
[WhiteElo "2934"]
[BlackElo "2774"]
[TimeControl "180+1"]
[EndTime "10:03:21 PDT"]
[Termination "Kirill_Klukin won by resignation"]

1. d4 Nf6 2. Nf3 e6 3. e3 c5 4.
Bd3 b6 5. O-O Bb7 6. c4 Be7 7. Nc3 O-O 8. d5 exd5 9. cxd5 d6 10. e4 Ba6 11. Bf4 Bxd3 12. Qxd3 Re8 13. h3 Bf8 14.
Rfe1 Nfd7 15. a4 a6 16. Nd2 Ne5 17. Bxe5 Rxe5 18. Nc4 Re8 19. f4 Nd7 20. e5 Qc7 21. e6 Nf6 22. Ne4 Nxe4 23. Rxe4 b5 24. Ne3 c4 25.
Qd4 Qc5 26. Qxc5 dxc5 27. axb5 axb5 28. Rxa8 Rxa8 29. e7 g6 30. e8=Q 1-0

[Event "Early-Titled-Tuesday-Blitz-July-09-2024"]
[Site "Chess.com"]
[Date "2024.07.09"]
[Round "11"]
[White "kacperkarwowski"]
[Black "BashirovKemal"]
[Result "1-0"]
[WhiteElo "2570"]
[BlackElo "2670"]
[TimeControl "180+1"]
[EndTime "10:03:36 PDT"]
[Termination "kacperkarwowski won by resignation"]

1. e4 e5 2. Nf3 Nf6 3. Nc3 Nc6 4.
d4 exd4 5. Nxd4 Bb4 6. Nxc6 bxc6 7. Bd3 d5 8. exd5 cxd5 9. O-O O-O 10. Bg5 Be7 11.
Qf3 c6 12. h3 h6 13. Bf4 Be6 14. Rad1 Bd6 15. Rfe1 Rb8 16. b3 Rb4 17. Bxd6 Qxd6 18. Ne2 a5 19. Qg3 Qxg3 20. Nxg3 c5 21. Bf5 Re8 22. Re5 a4 23. Rde1 axb3 24. axb3 Nd7 25. Rxd5 Nf8 26. Rxc5 Rd8 27. Bd3 Bxb3 28. cxb3 Rxd3 29.
Rc8 1-0

[Event "Early-Titled-Tuesday-Blitz-July-09-2024"]
[Site "Chess.com"]
[Date "2024.07.09"]
[Round "11"]
[White "masterofpuppets2"]
[Black "Bauman_Guy"]
[Result "0-1"]
[WhiteElo "2507"]
[BlackElo "2932"]
[TimeControl "180+1"]
[EndTime "10:03:41 PDT"]
[Termination "Bauman_Guy won by resignation"]

1. d4 Nf6 2. c4 e6 3. Nf3 b6 4. g3 Ba6 5. Qc2 Bb7 6. Bg2 c5 7. d5 exd5 8. cxd5 Nxd5 9. O-O Be7 10. Rd1 Nc6 11. Qf5 Nf6 12. e4 g6 13. Qf4 O-O 14.
e5 Nh5 15. Qc4 Ng7 16. Nc3 Re8 17. Ne4 Ne6 18. Bh6 Ncd4 19. Nxd4 Nxd4 20. Nf6+ Bxf6 21.
Bxb7 Bxe5 22. f4 Bg7 23. Bg5 Qc7 24. Bd5 d6 25. Rac1 b5 26. Qd3 Rac8 27. Kh1 c4 28. Qa3 Qc5 0-1

[Event "Early-Titled-Tuesday-Blitz-July-09-2024"]
[Site "Chess.com"]
[Date "2024.07.09"]
[Round "11"]
[White "temus_galaktionov"]
[Black "FARIZA2018"]
[Result "1-0"]
[WhiteElo "2836"]
[BlackElo "2635"]
[TimeControl "180+1"]
[EndTime "10:03:43 PDT"]
[Termination "temus_galaktionov won by resignation"]

1. d4 Nf6 2. Nf3 d5 3. c4 e6 4. Nc3 Be7 5. Bf4 O-O 6. e3 b6 7. Bd3 dxc4 8. Bxc4 Bb7 9. O-O a6 10. Qe2 Nbd7 11. Rfd1 b5 12. Bb3 c5 13. dxc5 Bxc5 14.
Ne5 Qe7 15. Nxd7 Nxd7 16. Rac1 Rac8 17. a4 b4 18. Nb1 a5 19. Nd2 Nb6 20. Qg4 Nd5 21.
Bg5 f6 22. Bh4 Kh8 23. e4 Nc7 24. Nc4 e5 25. Nxa5 Ba8 26. Rd7 1-0

[Event "Early-Titled-Tuesday-Blitz-July-09-2024"]
[Site "Chess.com"]
[Date "2024.07.09"]
[Round "11"]
[White "sergeikim"]
[Black "SuperPower2011"]
[Result "0-1"]
[WhiteElo "2607"]
[BlackElo "2728"]
[TimeControl "180+1"]
[EndTime "10:03:46 PDT"]
[Termination "SuperPower2011 won by resignation"]

1. d4 Nf6 2. c4 e5 3. d5 Bc5 4.
Nc3 d6 5. e4 O-O 6. Be2 Bd4 7.
Qd3 Na6 8. f3 Nc5 9. Qc2 Nh5 10.
g3 f5 11. Nb5 fxe4 12. Nxd4 exd4 13. fxe4 Qf6 14. Bf4 Nxf4 15. gxf4 Qh4+ 16. Kd1 Qxf4 17. h4 Nxe4 0-1

[Event "Early-Titled-Tuesday-Blitz-July-09-2024"]
[Site "Chess.com"]
[Date "2024.07.09"]
[Round "11"]
[White "bilosuvenosu06"]
[Black "banjadvorovi"]
[Result "0-1"]
[WhiteElo "2546"]
[BlackElo "2463"]
[TimeControl "180+1"]
[EndTime "10:03:51 PDT"]
[Termination "banjadvorovi won by resignation"]

1. d4 d5 2. Nf3 g6 3. Bf4 Bg7 4.
e3 Nf6 5. Nbd2 O-O 6. Bd3 c5 7.
c3 Nc6 8. O-O Nd7 9. Bg3 e5 10.
dxe5 Ndxe5 11. Nxe5 Nxe5 12. Be2 b6 13. Nf3 Nxf3+ 14.
Bxf3 Bb7 15. Qd2 Qd7 16. Rfd1 Rad8 17. Rac1 Qe7 18. h3 d4 19. Bxb7 dxc3 20. Qxd8 Rxd8 21. Rxd8+ Qxd8 22. bxc3 Qd2 23. Rf1 Bxc3 24. e4 Kg7 25. Bd5 Bd4 26. Kh2 b5 27. Rb1 a6 28. f4 c4 29. f5 gxf5 30. exf5 c3 31. Be4 c2 32.
Bxc2 Qxc2 33. Rf1 f6 34. Bf4 Be5 35. Bxe5 fxe5 36. f6+ Kf7 37. Rf5 Qxf5 0-1

[Event "Early-Titled-Tuesday-Blitz-July-09-2024"]
[Site "Chess.com"]
[Date "2024.07.09"]
[Round "11"]
[White "PedroGil25"]
[Black "Kobalia"]
[Result "0-1"]
[WhiteElo "2632"]
[BlackElo "2810"]
[TimeControl "180+1"]
[EndTime "10:03:52 PDT"]
[Termination "Kobalia won by resignation"]

1. e4 c5 2. Nf3 e6 3. c3 Nf6 4. e5 Nd5 5. d4 cxd4 6. Bc4 Nb6 7.
Bb3 d6 8. cxd4 dxe5 9. Nxe5 Nc6 10. Nxc6 bxc6 11. O-O Be7 12. Nc3 O-O 13. Bc2 g6 14. Re1 Re8 15. Qf3 Nd5 16. Bh6 Rb8 17. Rab1 a5 18. Ne4 Nb4 19. Bb3 Ba6 20. a3 Nd3 21. Ba4 Nxe1 22. Rxe1 Qxd4 23. Bg5 Qxa4 24. Nf6+ Bxf6 25. Qxf6 Rbd8 26. Bf4 Rd1 0-1

[Event "Early-Titled-Tuesday-Blitz-July-09-2024"]
[Site "Chess.com"]
[Date "2024.07.09"]
[Round "11"]
[White "IMVadim"]
[Black "arctic_t00"]
[Result "0-1"]
[WhiteElo "2462"]
[BlackElo "2666"]
[TimeControl "180+1"]
[EndTime "10:03:53 PDT"]
[Termination "arctic_t00 won by resignation"]

1. e4 e5 2. Nf3 Nc6 3. Bc4 Bc5 4. c3 Nf6 5. d4 exd4 6. e5 d5 7.
Bb5 Ne4 8. cxd4 Bb6 9. Be3 O-O 10. Nc3 Bg4 11. h3 Bh5 12. Qc2 Nxc3 13. bxc3 f6 14. exf6 Qxf6 15. Be2 Rae8 16. O-O Bg6 17. Bd3 Bxd3 18.
Qxd3 Qf5 19. Qxf5 Rxf5 20. Rae1 h6 21. Bd2 Rff8 22. h4 Na5 23. Ne5 Nc4 24. Nxc4 dxc4 25. f4 Kf7 26. Re5 c6 27. Rfe1 Rxe5 28. fxe5 Ke6 29.
g3 Rf3 30. Kg2 Rd3 31. Re2 Ba5 0-1

[Event "Early-Titled-Tuesday-Blitz-July-09-2024"]
[Site "Chess.com"]
[Date "2024.07.09"]
[Round "11"]
[White "chessmachine14"]
[Black "Happy1712Drummer"]
[Result "1-0"]
[WhiteElo "2280"]
[BlackElo "2421"]
[TimeControl "180+1"]
[EndTime "10:04:02 PDT"]
[Termination "chessmachine14 won by resignation"]

1. e4 Nf6 2. e5 Nd5 3. d4 d6 4. c4 Nb6 5. f4 dxe5 6. fxe5 Bf5 7. Be3 e6 8. Nc3 Nc6 9. Nf3 Be7 10. Be2 O-O 11. O-O f6 12. exf6 Bxf6 13. h3 Qe8 14. Bg5 Bxg5 15. Nxg5 Qg6 16. h4 Rad8 17. d5 Ne5 18. Bh5 Qh6 19. Qe2 Nexc4 20. dxe6 Bd3 21. Rxf8+ Rxf8 22. Bf7+ Kh8 23. e7 1-0

[Event "Early-Titled-Tuesday-Blitz-July-09-2024"]
[Site "Chess.com"]
[Date "2024.07.09"]
[Round "11"]
[White "GHANDEEVAM2003"]
[Black "eljanov"]
[Result "1-0"]
[WhiteElo "3177"]
[BlackElo "2951"]
[TimeControl "180+1"]
[EndTime "10:04:04 PDT"]
[Termination "GHANDEEVAM2003 won by resignation"]

1. e4 c6 2. d4 d5 3. Nc3 dxe4 4. Nxe4 Nf6 5. Nxf6+ exf6 6. c3 Bd6 7. Bd3 O-O 8. Ne2 Re8 9. O-O Nd7 10. Ng3 g6 11. Bh6 f5 12. Qd2 Bf8 13. Rae1 Rxe1 14. Rxe1 Nf6 15.
Bg5 Be6 16. h4 Be7 17. h5 Ng4 18. Bxe7 Qxe7 19. f3 Nf6 20. Bxf5 Qc7 21. Qg5 h6 22. Qxf6 Qxg3 23. Rxe6 fxe6 24. Bxe6+ Kh7 25. hxg6+ 1-0

[Event "Early-Titled-Tuesday-Blitz-July-09-2024"]
[Site "Chess.com"]
[Date "2024.07.09"]
[Round "11"]
[White "kadirsoria"]
[Black "JAN2404"]
[Result "1-0"]
[WhiteElo "2230"]
[BlackElo "2071"]
[TimeControl "180+1"]
[EndTime "10:04:05 PDT"]
[Termination "kadirsoria won by resignation"]

1. d4 Nf6 2. Nf3 g6 3. g3 Bg7 4. Bg2 O-O 5. O-O d6 6. b3 c6 7. Bb2 Bf5 8. c4 d5 9. Nc3 Ne4 10. e3 Na6 11. Rc1 Qd7 12. cxd5 cxd5 13. Ne5 Bxe5 14. Nxe4 Bxe4 15. Bxe4 dxe4 16. dxe5 Rfd8 17. Qxd7 Rxd7 18. Rfd1 Rad8 19. Rxd7 1-0

[Event "Early-Titled-Tuesday-Blitz-July-09-2024"]
[Site "Chess.com"]
[Date "2024.07.09"]
[Round "11"]
[White "Stanbad1"]
[Black "Losingexperience"]
[Result "0-1"]
[WhiteElo "2612"]
[BlackElo "2730"]
[TimeControl "180+1"]
[EndTime "10:04:09 PDT"]
[Termination "Losingexperience won by checkmate"]

1. d4 Nf6 2. Nc3 d5 3. Bf4 g6 4. e3 Bg7 5. h4 h5 6. Nf3 O-O 7. Ne5 c5 8. Qd2 cxd4 9. exd4 Nc6 10. f3 Bf5 11. Bb5 Rc8 12. Bxc6 bxc6 13. Na4 Ne8 14. Nc5 Nd6 15. c3 f6 16. Ned3 Nc4 17. Qe2 e5 18. dxe5 fxe5 19. Bg5 Qd6 20. O-O Rce8 21. b3 e4 22.
fxe4 dxe4 23. Nf2 Qxc5 24. Qxc4+ Qxc4 25. bxc4 e3 26. Nh1 e2 27. Rfc1 Bxc3 28. Rxc3 e1=Q+ 29. Rxe1 Rxe1+ 30. Kh2 Re2 31. Ng3 Rxa2 32. Rb3 Be6 33.
Rb7 Rff2 34. Ne4 Rxg2+ 35. Kh1 Rh2+ 36. Kg1 Rag2+ 37. Kf1 Bxc4+ 38. Ke1 Rh1# 0-1

[Event "Early-Titled-Tuesday-Blitz-July-09-2024"]
[Site "Chess.com"]
[Date "2024.07.09"]
[Round "11"]
[White "amanjazu"]
[Black "GelmanAlexander"]
[Result "0-1"]
[WhiteElo "2584"]
[BlackElo "2714"]
[TimeControl "180+1"]
[EndTime "10:04:18 PDT"]
[Termination "GelmanAlexander won by resignation"]

1. e4 c5 2. Nc3 e6 3. Nf3 a6 4.
d4 cxd4 5. Nxd4 d6 6. Be3 Nf6 7. Be2 Nbd7 8. O-O Be7 9. f4 Qc7 10. Qd2 b5 11. Bf3 Bb7 12. b4 Rc8 13. Nde2 d5 14.
exd5 Bxb4 15. dxe6 fxe6 16. Bxb7 Qxb7 17. Rab1 Ne4 18.
Rxb4 Nxd2 19. Bxd2 O-O 20. Re4 b4 0-1

[Event "Early-Titled-Tuesday-Blitz-July-09-2024"]
[Site "Chess.com"]
[Date "2024.07.09"]
[Round "11"]
[White "MANOJ_MISHRA123"]
[Black "Barbix1"]
[Result "0-1"]
[WhiteElo "2249"]
[BlackElo "2365"]
[TimeControl "180+1"]
[EndTime "10:04:29 PDT"]
[Termination "Barbix1 won by resignation"]

1. d4 Nf6 2. Bg5 d5 3. e3 c5 4.
Bxf6 exf6 5. dxc5 Bxc5 6. Nc3 Be6 7. Nge2 O-O 8. g3 Nc6 9. Bg2 Qb6 10. Nxd5 Qxb2 11.
Rb1 Qe5 12. Rxb7 Rad8 13. O-O Bxd5 0-1

[Event "Early-Titled-Tuesday-Blitz-July-09-2024"]
[Site "Chess.com"]
[Date "2024.07.09"]
[Round "11"]
[White "dey2580"]
[Black "EternalNight8"]
[Result "1-0"]
[WhiteElo "2468"]
[BlackElo "2388"]
[TimeControl "180+1"]
[EndTime "10:04:33 PDT"]
[Termination "dey2580 won by resignation"]

1. Nf3 Nf6 2. g3 g6 3. Bg2 Bg7 4. O-O O-O 5. b3 d5 6. Bb2 c5 7. d4 cxd4 8. Nxd4 e5 9. Nf3 e4 10. Nd4 Nc6 11. c4 dxc4 12. bxc4 Qb6 13. Nb3 Rd8 14. Qc1 Bg4 15. Nc3 a5 16. Nxe4 Nxe4 17.
Bxg7 Nxf2 18. c5 Qb5 19. Bf6 Rd1 20. Qh6 Rxf1+ 21. Rxf1 1-0

[Event "Early-Titled-Tuesday-Blitz-July-09-2024"]
[Site "Chess.com"]
[Date "2024.07.09"]
[Round "11"]
[White "sathvikadiga"]
[Black "MarijaKuznecova"]
[Result "1-0"]
[WhiteElo "2672"]
[BlackElo "2463"]
[TimeControl "180+1"]
[EndTime "10:04:40 PDT"]
[Termination "sathvikadiga won by resignation"]

1. e4 c5 2. Nf3 d6 3. d4 cxd4 4. Nxd4 Nf6 5. Nc3 a6 6. Be2 e5 7.
Nb3 Be7 8. O-O O-O 9. Be3 Be6 10.
Qd3 Nc6 11. Rfd1 Rc8 12. a3 Na5 13. Nxa5 Qxa5 14. Nd5 Nxd5 15. exd5 Bd7 16. c4 f5 17. b4 Qd8 18. f3 Bf6 19. Rac1 b6 20. c5 Bb5 21. Qd2 bxc5 22. bxc5 Bxe2 23. Qxe2 f4 24. Bf2 dxc5 25. Rxc5 Rxc5 26. Bxc5 Re8 27. d6 Qc8 28.
Qc4+ Re6 29. d7 Qc6 30. Rd6 1-0

[Event "Early-Titled-Tuesday-Blitz-July-09-2024"]
[Site "Chess.com"]
[Date "2024.07.09"]
[Round "11"]
[White "eightbyeightchess"]
[Black "ilovejokes555"]
[Result "0-1"]
[WhiteElo "2426"]
[BlackElo "2355"]
[TimeControl "180+1"]
[EndTime "10:04:51 PDT"]
[Termination "ilovejokes555 won by resignation"]

1. e4 c5 2. Nf3 d6 3. d4 cxd4 4. Qxd4 Nc6 5. Bb5 Bd7 6. Bxc6 bxc6 7. Nc3 e5 8. Qd3 Be7 9. Be3 Nf6 10. O-O-O Qc7 11.
h3 O-O 12. g4 Rfb8 13. g5 Ne8 14. Nxe5 Be6 15. Nf3 Qb7 16. b3 Qb4 17. Nd4 Bd7 18.
Nf5 Bf8 19. h4 a5 20. a4 d5 21. exd5 Bxf5 22. Qxf5 Qxc3 23. Bd4 Ba3+ 24. Kb1 Rxb3+ 25. cxb3 Qxb3+ 26. Ka1 Qxa4 27. Bb2 Rb8 0-1

[Event "Early-Titled-Tuesday-Blitz-July-09-2024"]
[Site "Chess.com"]
[Date "2024.07.09"]
[Round "11"]
[White "stepanosinovsky"]
[Black "LewAnatol"]
[Result "1-0"]
[WhiteElo "2335"]
[BlackElo "2177"]
[TimeControl "180+1"]
[EndTime "10:04:59 PDT"]
[Termination "stepanosinovsky won by checkmate"]

1. Nf3 d5 2. g3 e6 3. Bg2 c5 4. O-O Nf6 5. d3 Be7 6. Nbd2 Nc6 7. e4 dxe4 8. dxe4 e5 9. c3 Bg4 10. Nc4 Bxf3 11. Qxf3 h6 12. a4 O-O 13. Ne3 Re8 14. Nf5 Bf8 15. Re1 Kh7 16. Rd1 Qc8 17. Nxh6 gxh6 18.
Qxf6 Bg7 19. Qh4 Qe6 20. Bh3 Qb3 21. Bf5+ Kg8 22. Bxh6 Bxh6 23. Qxh6 Red8 24. Bh7+ Kh8 25. Rd5 Rxd5 26. Bg6+ Kg8 27. Qh7+ Kf8 28. Qxf7# 1-0

[Event "Early-Titled-Tuesday-Blitz-July-09-2024"]
[Site "Chess.com"]
[Date "2024.07.09"]
[Round "11"]
[White "JanMur7"]
[Black "FollowRivers"]
[Result "0-1"]
[WhiteElo "2288"]
[BlackElo "2486"]
[TimeControl "180+1"]
[EndTime "10:05:01 PDT"]
[Termination "FollowRivers won by resignation"]

1. c4 Nf6 2. Nc3 g6 3. e4 d6 4.
d4 Bg7 5. Be2 O-O 6. Bg5 c5 7.
d5 e6 8. g4 exd5 9. cxd5 Re8 10. f3 a6 11. a4 Nbd7 12. h4 Ne5 13. h5 Qb6 14. Qd2 Qb4 15. hxg6 fxg6 16. Nh3 Nf7 17. Be3 Bxg4 18. fxg4 Nxe4 19. Nxe4 Qxe4 20. Nf2 Qxe3 21.
Qxe3 Rxe3 22. Kd2 Rae8 23. Bd3 Rf3 24. Ne4 c4 25. Be2 Rb3 0-1

[Event "Early-Titled-Tuesday-Blitz-July-09-2024"]
[Site "Chess.com"]
[Date "2024.07.09"]
[Round "11"]
[White "IC3S2"]
[Black "Hirna2005"]
[Result "1-0"]
[WhiteElo "2545"]
[BlackElo "2420"]
[TimeControl "180+1"]
[EndTime "10:05:05 PDT"]
[Termination "IC3S2 won by resignation"]

1. e4 g6 2. d4 Bg7 3. Nc3 d6 4. Be3 a6 5. a4 Nc6 6. d5 Nb8 7. Bd4 Nf6 8. f4 O-O 9. Nf3 e6 10. Be2 exd5 11. exd5 Bf5 12. O-O c5 13. Bf2 Ne4 14.
Nxe4 Bxe4 15. Ng5 Bf5 16. Bd3 Qd7 17. c3 h6 18. Nf3 Bxd3 19. Qxd3 Qg4 20. Be3 Nd7 21.
h3 Qg3 22. Qd2 g5 23. fxg5 hxg5 24. Bxg5 Ne5 25. Bf4 Nxf3+ 26. Rxf3 Qg6 27. Rg3 Qf6 28. Bh6 1-0

[Event "Early-Titled-Tuesday-Blitz-July-09-2024"]
[Site "Chess.com"]
[Date "2024.07.09"]
[Round "11"]
[White "michaelskie11"]
[Black "MusicCityMaster"]
[Result "1-0"]
[WhiteElo "2418"]
[BlackElo "2496"]
[TimeControl "180+1"]
[EndTime "10:05:06 PDT"]
[Termination "michaelskie11 won by resignation"]

1. d4 Nf6 2. Nc3 g6 3. e4 d6 4. Bg5 Bg7 5. e5 dxe5 6. dxe5 Qxd1+ 7. Rxd1 Ng4 8. h3 Nxe5 9. Nd5 O-O 10. Nxc7 Bf5 11.
Nxa8 Nbc6 12. Nc7 Bxc2 13. Rd2 Nb4 14. Nd5 Ned3+ 15. Bxd3 Nxd3+ 16. Kf1 Bb1 17. Nc3 Bxc3 18. bxc3 Rc8 19. Ne2 Nc5 20. Be3 Ne4 21. Rb2 Bd3 22. Ke1 b6 23. Rb4 f5 24. Bd4 Kf7 25. Nf4 Bc4 26.
f3 Nd6 27. Kf2 b5 28. Re1 a5 29. Rb2 a4 30. h4 a3 31. Rd2 h6 32. Nd3 Bd5 33. Ne5+ Ke8 34. Nxg6 e6 35. Nf4 Nc4 36.
Rde2 1-0

[Event "Early-Titled-Tuesday-Blitz-July-09-2024"]
[Site "Chess.com"]
[Date "2024.07.09"]
[Round "11"]
[White "Hikaru"]
[Black "maciek_92"]
[Result "1-0"]
[WhiteElo "3199"]
[BlackElo "2857"]
[TimeControl "180+1"]
[EndTime "10:05:09 PDT"]
[Termination "Hikaru won by resignation"]

1. Nf3 b6 2. d4 Bb7 3. c4 e6 4. Nc3 Bb4 5. Qb3 Qe7 6. a3 Bxc3+ 7. Qxc3 Nf6 8. g3 d6 9. Bg2 Nbd7 10. O-O O-O 11. b3 c5 12. Bb2 Rfe8 13. Rad1 a5 14. dxc5 bxc5 15. Qd3 Ra6 16. a4 Rb6 17. Nd2 Bxg2 18.
Kxg2 Reb8 19. Bc3 Ra6 20. e4 h6 21. f4 e5 22. f5 Rb7 23. h3 Nb8 24. g4 Nc6 25. Qg3 Nd4 26. Bxd4 cxd4 27. h4 Nd7 28.
g5 h5 29. f6 Qe6 30. fxg7 Rab6 31. Rf3 Kxg7 32. Rdf1 Nf8 33. Rf6 Qe8 34. Qf3 Ng6 35.
Qxh5 Qh8 36. Qxh8+ Kxh8 37. h5 Nf4+ 38. R1xf4 exf4 39. Kf3 Rxb3+ 40. Nxb3 Rxb3+ 41. Kxf4 Rb4 42. Rxf7 Rxc4 43.
g6 d3 44. h6 Rc8 45. Rh7+ Kg8 46. Rd7 d2 47. Rxd6 d1=Q 48. Rxd1 Kh8 49. Kg5 1-0

[Event "Early-Titled-Tuesday-Blitz-July-09-2024"]
[Site "Chess.com"]
[Date "2024.07.09"]
[Round "11"]
[White "KhamzinOlzhas"]
[Black "SujanaLohani"]
[Result "0-1"]
[WhiteElo "2519"]
[BlackElo "2377"]
[TimeControl "180+1"]
[EndTime "10:05:20 PDT"]
[Termination "SujanaLohani won by resignation"]

1. d4 Nf6 2. c4 g6 3. Nc3 d5 4.
cxd5 Nxd5 5. e4 Nxc3 6. bxc3 Bg7 7.
Nf3 c5 8. Bb5+ Bd7 9. Rb1 O-O 10. O-O a6 11. Bxd7 Qxd7 12. Be3 b5 13. e5 cxd4 14. cxd4 Nc6 15. Qc2 Rac8 16. Qe4 Rfd8 17. Rfd1 Qd5 18. Qh4 Qxa2 19. Ng5 h5 20. e6 f6 21. Nf7 Rf8 22. d5 Nd8 23. Nxd8 Rfxd8 24. Ra1 Rxd5 25. Qg3 Rxd1+ 26.
Rxd1 Kh7 27. Qh3 b4 28. g4 Qxe6 29. f3 Qxe3+ 0-1

[Event "Early-Titled-Tuesday-Blitz-July-09-2024"]
[Site "Chess.com"]
[Date "2024.07.09"]
[Round "11"]
[White "Alexchess1984"]
[Black "ValeriyGrinev"]
[Result "1-0"]
[WhiteElo "2793"]
[BlackElo "2669"]
[TimeControl "180+1"]
[EndTime "10:05:25 PDT"]
[Termination "Alexchess1984 won by resignation"]

1. e4 c6 2. d4 d5 3. exd5 cxd5 4. c4 Nf6 5. Nc3 e6 6. Nf3 Be7 7. cxd5 Nxd5 8. Bd3 Nc6 9. a3 O-O 10. h4 Nf6 11. Bg5 h6 12. Qd2 Re8 13. O-O-O b5 14. Bxb5 Bd7 15. Rh3 Ng4 16. Rg3 h5 17. Kb1 Rb8 18. d5 exd5 19. Qxd5 Qb6 20. Qxd7 Qxf2 21. Bf4 Rxb5 22. Qxe8+ Bf8 23. Nxb5 Na5 24. Rd8 Nc4 25. Qxf8+ Kh7 26. Ng5+ Kh6 27. Nh3+ 1-0

[Event "Early-Titled-Tuesday-Blitz-July-09-2024"]
[Site "Chess.com"]
[Date "2024.07.09"]
[Round "11"]
[White "Vaporwaffle94"]
[Black "Defenstrator"]
[Result "1-0"]
[WhiteElo "2284"]
[BlackElo "2389"]
[TimeControl "180+1"]
[EndTime "10:05:25 PDT"]
[Termination "Vaporwaffle94 won by resignation"]

1. c4 Na6 2. a3 c5 3. Nc3 Nc7 4. e3 d5 5. cxd5 Nxd5 6. Qc2 Ngf6 7. Nf3 g6 8. Bb5+ Bd7 9. Nxd5 Bxb5 10. Nxf6+ exf6 11.
d4 Rc8 12. Qb3 Bc6 13. O-O Bxf3 14. gxf3 cxd4 15. exd4 Be7 16. Bh6 Qd7 17. Rfe1 Rc6 18. d5 Rb6 19. Qc3 g5 20. Bg7 Rg8 21. Bxf6 Rxf6 22.
Qxf6 g4 23. f4 Kf8 24. Qh6+ Rg7 25. d6 Qxd6 26. Qxd6 Bxd6 27. Rad1 Rg6 28. Rd4 Rf6 29. Ree4 h5 30. Kg2 Kg7 31. h4 Kg6 32. Kg3 Kf5 33. Re2 a6 34. Rd5+ Kg6 35. Re4 b6 36. f3 gxf3 37. Kxf3 Bc5 38. Rg5+ Kh6 39. Ree5 Rd6 40. Rxh5+ Kg6 41. Reg5+ Kf6 42. Rh6+ Ke7 43. Rxd6 Bxd6 44. h5 Kf6 45. h6 1-0

[Event "Early-Titled-Tuesday-Blitz-July-09-2024"]
[Site "Chess.com"]
[Date "2024.07.09"]
[Round "11"]
[White "Knightmare1014"]
[Black "MarlonJodar"]
[Result "0-1"]
[WhiteElo "2241"]
[BlackElo "2362"]
[TimeControl "180+1"]
[EndTime "10:05:26 PDT"]
[Termination "MarlonJodar won by checkmate"]

1. e4 e5 2. Nf3 Nc6 3. Bc4 Nf6 4. d3 Be7 5. O-O O-O 6. c3 d5 7. exd5 Nxd5 8. Re1 Bg4 9. h3 Bh5 10. g4 Bg6 11. Nxe5 Nxe5 12. Rxe5 c6 13. Bxd5 cxd5 14. d4 Bd6 15. Re1 Qh4 16. Qf3 Rae8 17. Rxe8 Rxe8 18.
Bd2 Be4 19. Qe3 h5 20. gxh5 Qxh5 21. Na3 Re6 22. Kf1 Bf3 23. Qg5 Qxh3+ 24. Kg1 Qh1# 0-1